Sharks vs Canucks
(R1)
Created - 26 octobre 2014 at 19:36
Goals
|
| Sharks |
0 |
2 |
2 |
4 |
| Canucks |
4 |
0 |
2 |
6 |
|
Shots
|
| Sharks |
7 |
7 |
16 |
30 |
| Canucks |
12 |
9 |
6 |
27 |
|
1st period
1. Canucks , Matt Stajan 3 (Jaromir Jagr) at 4:01 (PP)
2. Canucks , Alex Tanguay 4 (Ryan Craig, Nikolai Zherdev) at 5:49
3. Canucks , Clarke MacArthur 3 (Steve Montador) at 10:01
4. Canucks , David Jones 2 (Maxim Lapierre, Clarke MacArthur) at 19:37
Penalties :
Curtis Glencross (SJS) for Roughing (Minor) at 3:53, Jeremy Williams (Van) for Hooking (Minor) at 7:30, Nikolai Zherdev (Van) for High sticking (Minor) at 15:48
2nd period
5. Sharks , Lasse Kukkonen 2 (Johnny Boychuk, Tyler Weiman) at 8:53 (SH)
6. Sharks , Markus Naslund 3 (Antoine Vermette, Tyler Weiman) at 15:53
Penalties :
Jaromir Jagr (Van) for Interference (Minor) at 0:07, Shaone Morrisonn (SJS) for Interference (Minor) at 7:25, David Legwand (SJS) for Holding (Minor) at 13:22, Steve Montador (Van) for Roughing (Minor) at 19:26
3rd period
7. Canucks , Peter Worrell 5 (Joe Sakic) at 0:41 (SH)
8. Sharks , Niklas Sundstrom 1 (Adam Mair) at 1:42
9. Canucks , Fabian Brunnstrom 5 (Alex Tanguay) at 6:28 (PP)
10. Sharks , Kyle Wellwood 5 (Francis Bouillon) at 17:15
Penalties :
Steve Montador (Van) for Tripping (Minor) at 1:48, Brandon Yip (SJS) for Interference (Minor) at 4:35, Maxim Lapierre (Van) for Hooking (Minor) at 11:14
Goalie Stats
Mike Brodeur (SJS), 8 saves from 12 shots - (0,667), 19:37 minutes
Tyler Weiman (SJS), 13 saves from 15 shots - (0,867), L, 6-7-0, 40:23 minutes
Carey Price (Van), 26 saves from 30 shots - (0,867), W, 6-7-2, 60:00 minutes
Players Stats for Sharks
Player Name G A P +/- PIM S H SB GA TA FO MP PP MP PK MP
------------------------------------------------------------------------------------
Adam Mair 0 1 1 1 0 1 0 0 0 0 1/3 7:32 0:00 0:03
Alex Pietrangelo 0 0 0 -2 0 4 1 1 1 0 0/0 24:16 6:52 0:00
Antoine Vermette 0 1 1 0 0 0 1 0 0 0 6/8 16:30 5:30 0:34
Brandon Yip 0 0 0 0 2 1 1 0 0 0 0/0 11:24 0:03 0:00
Curtis Glencross 0 0 0 2 2 0 1 0 0 0 0/0 7:59 0:00 0:23
Daniel Alfredsson 0 0 0 -1 0 3 1 0 0 0 0/1 23:45 6:21 3:58
Dany Heatley 0 0 0 -1 0 1 4 0 0 0 6/11 23:44 6:21 3:56
David Hale 0 0 0 0 0 2 0 2 0 2 0/0 21:04 4:31 2:33
David Legwand 0 0 0 -1 2 4 1 1 0 0 18/31 19:23 6:21 0:00
Francis Bouillon 0 1 1 1 0 1 1 0 0 0 0/0 12:51 0:31 0:42
Johnny Boychuk 0 1 1 -1 0 1 2 2 0 0 0/0 26:53 6:52 3:26
Kyle Wellwood 1 0 1 0 0 7 0 0 1 0 6/9 11:57 0:03 1:32
Lasse Kukkonen 1 0 1 0 0 1 0 0 0 0 0/0 21:19 4:31 3:26
Markus Naslund 1 0 1 -1 0 2 0 0 1 0 0/1 15:56 5:30 0:00
Martin Samuelsson 0 0 0 0 0 0 1 1 0 0 0/0 11:39 0:00 1:32
Niklas Sundstrom 1 0 1 1 0 2 0 1 0 0 0/0 8:02 0:03 0:00
Shaone Morrisonn 0 0 0 2 2 0 0 2 0 0 0/0 14:00 0:31 1:51
Ted Purcell 0 0 0 -1 0 0 5 2 1 0 0/0 15:43 5:30 0:00
Players Stats for Canucks
Player Name G A P +/- PIM S H SB GA TA FO MP PP MP PK MP
------------------------------------------------------------------------------------
Alex Tanguay 1 1 2 0 0 2 1 1 0 0 0/0 10:53 0:29 3:12
Chris Phillips 0 0 0 -3 0 1 0 0 0 0 0/0 21:19 1:51 4:53
Clarke MacArthur 1 1 2 1 0 3 1 1 0 0 1/1 15:17 2:11 0:30
David Jones 1 0 1 1 0 1 2 1 0 0 1/2 15:26 2:11 0:00
Fabian Brunnstrom 1 0 1 -1 0 4 2 0 0 0 0/0 11:23 0:51 0:00
Jaromir Jagr 0 1 1 -1 2 4 0 0 0 0 3/8 16:15 2:43 3:11
Jeremy Williams 0 0 0 0 2 0 0 0 0 0 0/0 5:44 0:08 0:00
Joe Sakic 0 1 1 0 0 0 1 0 0 1 6/10 16:03 2:04 4:21
Karl Alzner 0 0 0 0 0 0 0 1 0 1 0/0 11:38 0:00 2:56
Kim Johnsson 0 0 0 3 0 1 1 3 0 0 0/0 30:48 3:52 7:14
Matt Stajan 1 0 1 -1 0 3 0 3 0 0 11/23 24:14 3:40 6:35
Maxim Lapierre 0 1 1 1 2 1 1 0 0 0 5/19 16:28 0:00 3:07
Nikolai Zherdev 0 1 1 -1 2 0 1 0 1 0 0/0 8:57 0:00 0:00
Peter Worrell 1 0 1 0 0 5 1 0 1 0 0/1 20:12 3:40 1:39
Ryan Craig 0 1 1 0 0 0 0 0 0 0 0/0 6:38 0:00 1:13
Sami Lepisto 0 0 0 -3 0 0 4 3 0 1 0/0 20:28 1:56 4:40
Steve Montador 0 1 1 3 4 1 2 1 0 1 0/0 27:28 4:03 4:05
Taylor Chorney 0 0 0 0 0 1 0 0 0 0 0/0 8:49 0:16 0:00
3 Stars
1 - Clarke MacArthur (Van)
2 - Alex Tanguay (Van)
3 - David Jones (Van)
Power Play
Sharks - 0 on 6 Attempt(s) - 0,00%
Canucks - 2 on 4 Attempt(s) - 50,00%
Penalty Kill
Sharks - 2 on 4 Attempt(s) - 50,00%
- Score 1 goal in Penalty Kill
Canucks - 6 on 6 Attempt(s) - 100,00%
- Score 1 goal in Penalty Kill
Official
Referees : Marouelli Dan and McCreary Bill
Linesman : Vaughan Rody and Tony Sericolo
Game Notes
Tyler Weiman enters game at 19:37 of 1st period
Jaromir Jagr is injured at 0:53 of 3rd period (Right Foot)
Finance
Level 1 -- Attendance: 4643 (77,38%) -- Ticket Income 427 156 $
Level 2 -- Attendance: 4736 (94,72%) -- Ticket Income 246 272 $
Level 3 -- Attendance: 1957 (97,85%) -- Ticket Income 58 710 $
Level 4 -- Attendance: 4000 (100,00%) -- Ticket Income 68 000 $
Luxury Box -- Attendance: 1000 (100,00%) -- Ticket Income 100 000 $
Game was played at the Budweiser Coliseum
Total Attendance: 16336 (90,76%)
Total Ticket Income: 900 138 $
Other Income: 135 021 $
Total Income: 1 035 159 $
Sharks
5 vs 5 Forward
Center Left Wing Right Wing Time % Phy DF OF
1 David Legwand Dany Heatley Daniel Alfredsson 40 1 2 2
2 Antoine Vermette Markus Naslund Brandon Yip 30 1 2 2
3 Kyle Wellwood Martin Samuelsson Ted Purcell 20 1 2 2
4 Adam Mair Curtis Glencross Niklas Sundstrom 10 1 3 1
5 vs 5 Defense
Defense Defense Time % Phy DF OF
1 Johnny Boychuk Alex Pietrangelo 40 1 2 2
2 David Hale Lasse Kukkonen 30 1 2 2
3 Shaone Morrisonn Francis Bouillon 20 1 2 2
4 Lasse Kukkonen Alex Pietrangelo 10 1 2 2
PowerPlay Forward
Center Left Wing Right Wing Time % Phy DF OF
1 David Legwand Dany Heatley Daniel Alfredsson 55 1 1 3
2 Antoine Vermette Markus Naslund Ted Purcell 45 1 1 3
PowerPlay Defense
Defense Defense Time % Phy DF OF
1 Johnny Boychuk Alex Pietrangelo 55 1 1 3
2 David Hale Lasse Kukkonen 45 1 1 3
Penalty Kill 4 Players Forward
Center Wing Time % Phy DF OF
1 Dany Heatley Daniel Alfredsson 60 1 4 0
2 Kyle Wellwood Martin Samuelsson 40 1 4 0
Penalty Kill 4 Players Defense
Defense Defense Time % Phy DF OF
1 Lasse Kukkonen Johnny Boychuk 60 1 4 0
2 David Hale Shaone Morrisonn 40 1 4 0
Penalty Kill - 3 Players Forward
Forward Time % Phy DF OF
1 Dany Heatley 60 0 5 0
2 Daniel Alfredsson 40 0 5 0
Penalty Kill - 3 Players Defense
Defense Defense Time % Phy DF OF
1 Lasse Kukkonen Johnny Boychuk 60 0 5 0
2 David Hale Shaone Morrisonn 40 0 5 0
4 vs 4 Forward
Center Wing Time % Phy DF OF
1 Antoine Vermette Brandon Yip 55 1 2 2
2 Kyle Wellwood Ted Purcell 45 1 2 2
4 vs 4 Defense
Defense Defense Time % Phy DF OF
1 David Hale Alex Pietrangelo 55 1 2 2
2 Shaone Morrisonn Francis Bouillon 45 1 2 2
Last Minutes Offensive
Center Left Wing Right Wing Defense Defense
David Legwand Dany Heatley Daniel Alfredsson Johnny Boychuk Alex Pietrangelo
Last Minutes Defensive
Center Left Wing Right Wing Defense Defense
Kyle Wellwood Dany Heatley Ted Purcell Johnny Boychuk Lasse Kukkonen
Goaltenders
Starting : Mike Brodeur
Backup : Tyler Weiman
Extra Forwards
Normal : Brandon Yip, Ted Purcell, David Legwand - PP : Kyle Wellwood, Brandon Yip - PK : Antoine Vermette
Extra Defensemen
Normal : Shaone Morrisonn, David Hale, Francis Bouillon - PP : Francis Bouillon - PK : Francis Bouillon, Shaone Morrisonn
Penalty Shots
Dany Heatley, Ted Purcell, Daniel Alfredsson, Markus Naslund, Brandon Yip
Canucks
5 vs 5 Forward
Center Left Wing Right Wing Time % Phy DF OF
1 Matt Stajan Peter Worrell Jaromir Jagr 40 0 2 3
2 Maxim Lapierre Clarke MacArthur David Jones 39 0 2 3
3 Joe Sakic Fabian Brunnstrom Nikolai Zherdev 20 0 2 3
4 Ryan Craig Alex Tanguay Jeremy Williams 1 0 3 2
5 vs 5 Defense
Defense Defense Time % Phy DF OF
1 Steve Montador Kim Johnsson 52 0 3 2
2 Chris Phillips Sami Lepisto 27 0 3 2
3 Taylor Chorney Karl Alzner 11 0 3 2
4 Steve Montador Kim Johnsson 10 0 3 2
PowerPlay Forward
Center Left Wing Right Wing Time % Phy DF OF
1 Matt Stajan Peter Worrell Jaromir Jagr 60 0 2 3
2 Joe Sakic Clarke MacArthur David Jones 40 0 2 3
PowerPlay Defense
Defense Defense Time % Phy DF OF
1 Steve Montador Kim Johnsson 60 0 2 3
2 Chris Phillips Sami Lepisto 40 0 2 3
Penalty Kill 4 Players Forward
Center Wing Time % Phy DF OF
1 Jaromir Jagr Matt Stajan 60 0 2 3
2 Peter Worrell Joe Sakic 40 0 2 3
Penalty Kill 4 Players Defense
Defense Defense Time % Phy DF OF
1 Steve Montador Kim Johnsson 60 1 2 2
2 Chris Phillips Sami Lepisto 40 1 2 2
Penalty Kill - 3 Players Forward
Forward Time % Phy DF OF
1 Jaromir Jagr 60 1 2 2
2 Matt Stajan 40 1 2 2
Penalty Kill - 3 Players Defense
Defense Defense Time % Phy DF OF
1 Steve Montador Kim Johnsson 60 1 2 2
2 Chris Phillips Sami Lepisto 40 1 2 2
4 vs 4 Forward
Center Wing Time % Phy DF OF
1 Jaromir Jagr Matt Stajan 60 0 2 3
2 Peter Worrell Joe Sakic 40 0 2 3
4 vs 4 Defense
Defense Defense Time % Phy DF OF
1 Steve Montador Kim Johnsson 60 0 3 2
2 Chris Phillips Sami Lepisto 40 0 3 2
Last Minutes Offensive
Center Left Wing Right Wing Defense Defense
Matt Stajan Peter Worrell Jaromir Jagr Steve Montador Kim Johnsson
Last Minutes Defensive
Center Left Wing Right Wing Defense Defense
Matt Stajan Peter Worrell Jaromir Jagr Steve Montador Kim Johnsson
Goaltenders
Starting : Carey Price
Backup : José Theodore
Extra Forwards
Normal : Fabian Brunnstrom, Alex Tanguay, Maxim Lapierre - PP : Fabian Brunnstrom, Alex Tanguay - PK : Maxim Lapierre
Extra Defensemen
Normal : Taylor Chorney, Karl Alzner, Chris Phillips - PP : Taylor Chorney - PK : Karl Alzner, Chris Phillips
Penalty Shots
Jaromir Jagr, Matt Stajan, Peter Worrell, Joe Sakic, Clarke MacArthur
% Time on Ice - Sharks
Lines # - Real PCT - Wanted PCT - Time Play
Normal Forward
1 - 33% - 40% - 14:05
2 - 25% - 30% - 10:27
3 - 24% - 20% - 10:06
4 - 18% - 10% - 7:29
Normal Defense
1 - 39% - 40% - 16:35
2 - 34% - 30% - 14:15
3 - 25% - 20% - 10:28
4 - 2% - 10% - 0:49
PP Forward
1 - 54% - 55% - 6:24
2 - 46% - 45% - 5:30
PP Defense
1 - 62% - 55% - 7:23
2 - 38% - 45% - 4:31
PK Forward
1 - 74% - 60% - 4:27
2 - 26% - 40% - 1:32
PK Defense
1 - 57% - 60% - 3:26
2 - 43% - 40% - 2:33
PK3 Forward
1 - 0% - 60%
2 - 0% - 40%
PK3 Defense
1 - 0% - 60%
2 - 0% - 40%
44 Forward
1 - 0% - 55%
2 - 0% - 45%
44 Defense
1 - 0% - 55%
2 - 0% - 45%
Last Minute Offensive - 0:00
Last Minute Defensive - 0:00
Total
Forward - 60:00
Defense - 60:00
|
% Time on Ice - Canucks
Lines # - Real PCT - Wanted PCT - Time Play
Normal Forward
1 - 37% - 40% - 15:46
2 - 31% - 39% - 12:57
3 - 20% - 20% - 8:14
4 - 12% - 1% - 5:10
Normal Defense
1 - 46% - 52% - 19:14
2 - 33% - 27% - 13:52
3 - 20% - 11% - 8:33
4 - 1% - 10% - 0:28
PP Forward
1 - 65% - 60% - 3:55
2 - 35% - 40% - 2:04
PP Defense
1 - 68% - 60% - 4:03
2 - 32% - 40% - 1:56
PK Forward
1 - 86% - 60% - 10:15
2 - 14% - 40% - 1:39
PK Defense
1 - 61% - 60% - 7:14
2 - 39% - 40% - 4:40
PK3 Forward
1 - 0% - 60%
2 - 0% - 40%
PK3 Defense
1 - 0% - 60%
2 - 0% - 40%
44 Forward
1 - 0% - 60%
2 - 0% - 40%
44 Defense
1 - 0% - 60%
2 - 0% - 40%
Last Minute Offensive - 0:00
Last Minute Defensive - 0:00
Total
Forward - 60:00
Defense - 60:00
|
Play by Play
1st period
0:01 of 1st period - Matt Stajan wins face-off versus David Legwand in neutral zone.
1:21 of 1st period - Off-side.
1:22 of 1st period - Clarke MacArthur wins face-off versus David Legwand in neutral zone.
2:53 of 1st period - Slapshot by Alex Pietrangelo.
2:53 of 1st period - Deflect By Kyle Wellwood.
2:53 of 1st period - Stopped by Carey Price without a rebound.
2:54 of 1st period - David Legwand wins face-off versus Matt Stajan in Canucks zone.
3:26 of 1st period - Joe Sakic is hit by Brandon Yip.
3:53 of 1st period - Minor Penalty to Curtis Glencross for Roughing.
3:54 of 1st period - Dany Heatley wins face-off versus Matt Stajan in Sharks zone.
4:01 of 1st period - Wrist shot by Matt Stajan.
4:01 of 1st period - Goal by Matt Stajan - Sharks : 0 - Canucks : 1.
4:02 of 1st period - David Legwand wins face-off versus Matt Stajan in neutral zone.
4:52 of 1st period - Snap shot by Joe Sakic.
4:52 of 1st period - Deflect By Shaone Morrisonn.
4:52 of 1st period - Shot Misses the Net.
4:52 of 1st period - Puck is out of play.
4:53 of 1st period - Matt Stajan wins face-off versus Adam Mair in Sharks zone.
4:54 of 1st period - Backhand shot by Jaromir Jagr.
4:54 of 1st period - Shot Blocked by David Hale.
4:56 of 1st period - Slapshot by Peter Worrell.
4:56 of 1st period - Shot Blocked by David Hale.
4:58 of 1st period - Slapshot by Taylor Chorney.
4:58 of 1st period - Stopped by Mike Brodeur without a rebound.
4:59 of 1st period - Matt Stajan wins face-off versus David Legwand in Sharks zone.
5:14 of 1st period - Snap shot by Matt Stajan.
5:14 of 1st period - Shot Misses the Net.
5:49 of 1st period - Snap shot by Alex Tanguay.
5:49 of 1st period - Goal by Alex Tanguay - Sharks : 0 - Canucks : 2.
5:50 of 1st period - David Legwand wins face-off versus Matt Stajan in neutral zone.
5:59 of 1st period - Wrist shot by David Legwand.
5:59 of 1st period - Deflect By Matt Stajan.
5:59 of 1st period - Stopped by Carey Price with a rebound.
7:30 of 1st period - Minor Penalty to Jeremy Williams for Hooking.
7:31 of 1st period - David Legwand wins face-off versus Jaromir Jagr in Canucks zone.
8:19 of 1st period - Slapshot by Kim Johnsson.
8:19 of 1st period - Shot Misses the Net.
9:12 of 1st period - David Legwand is hit by Sami Lepisto and loses puck.
9:30 of 1st period - Penalty to Jeremy Williams is over, Jeremy Williams is back on ice.
9:34 of 1st period - Snap shot by Joe Sakic.
9:34 of 1st period - Shot Misses the Net.
10:01 of 1st period - Slapshot by Clarke MacArthur.
10:01 of 1st period - Goal by Clarke MacArthur - Sharks : 0 - Canucks : 3.
10:02 of 1st period - David Legwand wins face-off versus Matt Stajan in neutral zone.
10:29 of 1st period - David Hale is hit by Clarke MacArthur and loses puck.
10:50 of 1st period - Backhand shot by Fabian Brunnstrom.
10:50 of 1st period - Stopped by Mike Brodeur without a rebound.
10:51 of 1st period - Joe Sakic wins face-off versus Adam Mair in Sharks zone.
11:18 of 1st period - Wrist shot by David Legwand.
11:18 of 1st period - Stopped by Carey Price without a rebound.
11:19 of 1st period - David Legwand wins face-off versus Peter Worrell in Canucks zone.
11:28 of 1st period - Snap shot by David Legwand.
11:28 of 1st period - Shot Misses the Net.
11:30 of 1st period - Snap shot by Daniel Alfredsson.
11:30 of 1st period - Shot Misses the Net.
11:44 of 1st period - Snap shot by Alex Pietrangelo.
11:44 of 1st period - Shot Blocked by Matt Stajan.
11:46 of 1st period - Slapshot by Alex Pietrangelo.
11:46 of 1st period - Shot Misses the Net.
11:48 of 1st period - Wrist shot by Daniel Alfredsson.
11:48 of 1st period - Stopped by Carey Price without a rebound.
11:49 of 1st period - Antoine Vermette wins face-off versus Maxim Lapierre in Canucks zone.
12:00 of 1st period - Wrist shot by Maxim Lapierre.
12:00 of 1st period - Shot Misses the Net.
12:02 of 1st period - Slapshot by Steve Montador.
12:02 of 1st period - Stopped by Mike Brodeur with a rebound.
12:04 of 1st period - Snap shot by David Jones.
12:04 of 1st period - Shot Blocked by Alex Pietrangelo.
12:19 of 1st period - Slapshot by Kim Johnsson.
12:19 of 1st period - Shot Misses the Net.
12:21 of 1st period - Wrist shot by Nikolai Zherdev.
12:21 of 1st period - Shot Misses the Net.
12:23 of 1st period - Snap shot by Fabian Brunnstrom.
12:23 of 1st period - Shot Misses the Net.
12:43 of 1st period - Snap shot by Dany Heatley.
12:43 of 1st period - Shot Misses the Net.
13:12 of 1st period - Snap shot by Matt Stajan.
13:12 of 1st period - Shot Blocked by Niklas Sundstrom.
13:14 of 1st period - Slapshot by Chris Phillips.
13:14 of 1st period - Stopped by Mike Brodeur with a rebound.
13:24 of 1st period - Snap shot by Jaromir Jagr.
13:24 of 1st period - Stopped by Mike Brodeur with a rebound.
13:26 of 1st period - Wrist shot by Matt Stajan.
13:26 of 1st period - Stopped by Mike Brodeur without a rebound.
13:27 of 1st period - David Legwand wins face-off versus Maxim Lapierre in Sharks zone.
13:31 of 1st period - Off-side.
13:32 of 1st period - David Legwand wins face-off versus Maxim Lapierre in neutral zone.
13:46 of 1st period - Snap shot by Maxim Lapierre.
13:46 of 1st period - Shot Blocked by David Legwand.
13:48 of 1st period - Slapshot by Kim Johnsson.
13:48 of 1st period - Shot Blocked by Shaone Morrisonn.
14:46 of 1st period - Slapshot by Alex Pietrangelo.
14:46 of 1st period - Deflect By Daniel Alfredsson.
14:46 of 1st period - Shot Blocked by Clarke MacArthur.
14:46 of 1st period - Puck is out of play.
14:47 of 1st period - Jaromir Jagr wins face-off versus Daniel Alfredsson in Canucks zone.
14:54 of 1st period - Slapshot by Alex Pietrangelo.
14:54 of 1st period - Shot Misses the Net.
14:56 of 1st period - Snap shot by Daniel Alfredsson.
14:56 of 1st period - Stopped by Carey Price with a rebound.
14:58 of 1st period - Snap shot by Dany Heatley.
14:58 of 1st period - Deflect By David Legwand.
14:58 of 1st period - Shot Misses the Net.
14:58 of 1st period - Puck is out of play.
14:59 of 1st period - David Legwand wins face-off versus Maxim Lapierre in Canucks zone.
15:46 of 1st period - Backhand shot by Alex Pietrangelo.
15:46 of 1st period - Shot Misses the Net.
15:48 of 1st period - Minor Penalty to Nikolai Zherdev for High sticking.
15:49 of 1st period - David Legwand wins face-off versus Jaromir Jagr in Canucks zone.
16:16 of 1st period - Kim Johnsson is hit by Ted Purcell and loses puck.
17:25 of 1st period - Daniel Alfredsson is hit by Peter Worrell and loses puck.
17:48 of 1st period - Penalty to Nikolai Zherdev is over, Nikolai Zherdev is back on ice.
18:31 of 1st period - Slapshot by Peter Worrell.
18:31 of 1st period - Stopped by Mike Brodeur without a rebound.
18:32 of 1st period - Kyle Wellwood wins face-off versus Maxim Lapierre in Sharks zone.
18:32 of 1st period - Kyle Wellwood is hit by Maxim Lapierre.
18:38 of 1st period - Maxim Lapierre is hit by Johnny Boychuk and loses puck.
18:45 of 1st period - Wrist shot by Kyle Wellwood.
18:45 of 1st period - Stopped by Carey Price without a rebound.
18:46 of 1st period - David Legwand wins face-off versus Maxim Lapierre in Canucks zone.
19:13 of 1st period - Wrist shot by Kyle Wellwood.
19:13 of 1st period - Deflect By David Jones.
19:13 of 1st period - Stopped by Carey Price without a rebound.
19:14 of 1st period - Matt Stajan wins face-off versus Kyle Wellwood in Canucks zone.
19:29 of 1st period - Snap shot by Jaromir Jagr.
19:29 of 1st period - Deflect By Matt Stajan.
19:29 of 1st period - Shot Blocked by Martin Samuelsson.
19:29 of 1st period - Puck is out of play.
19:30 of 1st period - David Jones wins face-off versus David Legwand in Sharks zone.
19:33 of 1st period - Wrist shot by Maxim Lapierre.
19:33 of 1st period - Stopped by Mike Brodeur with a rebound.
19:35 of 1st period - Snap shot by David Jones.
19:35 of 1st period - Shot Blocked by Johnny Boychuk.
19:37 of 1st period - Slapshot by David Jones.
19:37 of 1st period - Goal by David Jones - Sharks : 0 - Canucks : 4.
19:37 of 1st period - Tyler Weiman enters game.
19:38 of 1st period - Dany Heatley wins face-off versus Matt Stajan in neutral zone.
19:55 of 1st period - Snap shot by Dany Heatley.
19:55 of 1st period - Shot Misses the Net.
Goals for this period are 0 for Sharks vs 4 for Canucks.
Shots for this period are 7 for Sharks vs 12 for Canucks.
2nd period
0:01 of 2nd period - Matt Stajan wins face-off versus Antoine Vermette in neutral zone.
0:07 of 2nd period - Minor Penalty to Jaromir Jagr for Interference.
0:08 of 2nd period - David Legwand wins face-off versus Maxim Lapierre in Canucks zone.
2:07 of 2nd period - Penalty to Jaromir Jagr is over, Jaromir Jagr is back on ice.
2:11 of 2nd period - Clarke MacArthur is hit by Antoine Vermette and loses puck.
2:22 of 2nd period - Slapshot by Kim Johnsson.
2:22 of 2nd period - Stopped by Tyler Weiman with a rebound.
3:14 of 2nd period - Lasse Kukkonen is hit by Fabian Brunnstrom and loses puck.
3:36 of 2nd period - Matt Stajan is hit by Ted Purcell and loses puck.
5:09 of 2nd period - Taylor Chorney is hit by Francis Bouillon and loses puck.
5:16 of 2nd period - Shaone Morrisonn is hit by Sami Lepisto and loses puck.
5:29 of 2nd period - Steve Montador is hit by Dany Heatley and loses puck.
5:47 of 2nd period - Johnny Boychuk is hit by Nikolai Zherdev.
5:51 of 2nd period - Joe Sakic is hit by Curtis Glencross.
6:25 of 2nd period - Matt Stajan is hit by Dany Heatley and loses puck.
6:32 of 2nd period - Daniel Alfredsson is hit by Kim Johnsson and loses puck.
6:52 of 2nd period - Icing by Kyle Wellwood.
6:53 of 2nd period - Joe Sakic wins face-off versus Kyle Wellwood in Sharks zone.
6:54 of 2nd period - Wrist shot by Fabian Brunnstrom.
6:54 of 2nd period - Stopped by Tyler Weiman with a rebound.
7:10 of 2nd period - Slapshot by Alex Pietrangelo.
7:10 of 2nd period - Stopped by Carey Price without a rebound.
7:11 of 2nd period - Maxim Lapierre wins face-off versus David Legwand in Canucks zone.
7:25 of 2nd period - Minor Penalty to Shaone Morrisonn for Interference.
7:26 of 2nd period - Matt Stajan wins face-off versus Dany Heatley in Sharks zone.
7:26 of 2nd period - Snap shot by Jaromir Jagr.
7:26 of 2nd period - Shot Misses the Net.
8:02 of 2nd period - Off-side.
8:03 of 2nd period - Kyle Wellwood wins face-off versus Joe Sakic in neutral zone.
8:14 of 2nd period - Lasse Kukkonen is hit by Joe Sakic.
8:35 of 2nd period - Wrist shot by Peter Worrell.
8:35 of 2nd period - Shot Misses the Net.
8:37 of 2nd period - Snap shot by Matt Stajan.
8:37 of 2nd period - Shot Misses the Net.
8:51 of 2nd period - Slapshot by Lasse Kukkonen.
8:51 of 2nd period - Shot Misses the Net.
8:53 of 2nd period - Snap shot by Lasse Kukkonen.
8:53 of 2nd period - Goal by Lasse Kukkonen - Sharks : 1 - Canucks : 4.
8:54 of 2nd period - Dany Heatley wins face-off versus Matt Stajan in neutral zone.
9:02 of 2nd period - Wrist shot by Matt Stajan.
9:02 of 2nd period - Deflect By Jaromir Jagr.
9:02 of 2nd period - Stopped by Tyler Weiman without a rebound.
9:03 of 2nd period - Matt Stajan wins face-off versus Dany Heatley in Sharks zone.
9:25 of 2nd period - Penalty to Shaone Morrisonn is over, Shaone Morrisonn is back on ice.
9:28 of 2nd period - Icing by Dany Heatley.
9:29 of 2nd period - Dany Heatley wins face-off versus David Jones in Sharks zone.
10:14 of 2nd period - Kim Johnsson is hit by Martin Samuelsson.
10:22 of 2nd period - Slapshot by Steve Montador.
10:22 of 2nd period - Shot Misses the Net.
10:30 of 2nd period - Matt Stajan is hit by Ted Purcell and loses puck.
10:50 of 2nd period - Snap shot by Alex Pietrangelo.
10:50 of 2nd period - Shot Blocked by Kim Johnsson.
11:54 of 2nd period - Wrist shot by Jaromir Jagr.
11:54 of 2nd period - Stopped by Tyler Weiman without a rebound.
11:55 of 2nd period - David Legwand wins face-off versus Matt Stajan in Sharks zone.
12:43 of 2nd period - Off-side.
12:44 of 2nd period - Antoine Vermette wins face-off versus Maxim Lapierre in neutral zone.
12:59 of 2nd period - Slapshot by David Jones.
12:59 of 2nd period - Deflect By Maxim Lapierre.
12:59 of 2nd period - Shot Misses the Net.
12:59 of 2nd period - Puck is out of play.
13:00 of 2nd period - Kyle Wellwood wins face-off versus Matt Stajan in Sharks zone.
13:13 of 2nd period - Wrist shot by Matt Stajan.
13:13 of 2nd period - Shot Blocked by Ted Purcell.
13:15 of 2nd period - Snap shot by Peter Worrell.
13:15 of 2nd period - Stopped by Tyler Weiman without a rebound.
13:16 of 2nd period - Maxim Lapierre wins face-off versus David Legwand in Sharks zone.
13:22 of 2nd period - Minor Penalty to David Legwand for Holding.
13:23 of 2nd period - Matt Stajan wins face-off versus Dany Heatley in Sharks zone.
13:52 of 2nd period - Icing by David Jones.
13:53 of 2nd period - Dany Heatley wins face-off versus Joe Sakic in Canucks zone.
14:08 of 2nd period - Slapshot by Kim Johnsson.
14:08 of 2nd period - Deflect By Peter Worrell.
14:08 of 2nd period - Stopped by Tyler Weiman without a rebound.
14:09 of 2nd period - Kyle Wellwood wins face-off versus Matt Stajan in Sharks zone.
14:32 of 2nd period - Dany Heatley is hit by Sami Lepisto.
14:36 of 2nd period - Matt Stajan is hit by Dany Heatley and loses puck.
14:46 of 2nd period - Off-side.
14:47 of 2nd period - Joe Sakic wins face-off versus Dany Heatley in neutral zone.
14:50 of 2nd period - Backhand shot by Kim Johnsson.
14:50 of 2nd period - Shot Hit the Post.
14:52 of 2nd period - Snap shot by Clarke MacArthur.
14:52 of 2nd period - Shot Misses the Net.
14:54 of 2nd period - Wrist shot by Clarke MacArthur.
14:54 of 2nd period - Stopped by Tyler Weiman with a rebound.
14:56 of 2nd period - Snap shot by Joe Sakic.
14:56 of 2nd period - Shot Misses the Net.
14:58 of 2nd period - Slapshot by Steve Montador.
14:58 of 2nd period - Shot Blocked by Shaone Morrisonn.
15:22 of 2nd period - Penalty to David Legwand is over, David Legwand is back on ice.
15:53 of 2nd period - Slapshot by Markus Naslund.
15:53 of 2nd period - Goal by Markus Naslund - Sharks : 2 - Canucks : 4.
15:54 of 2nd period - Matt Stajan wins face-off versus David Legwand in neutral zone.
16:01 of 2nd period - Wrist shot by Jaromir Jagr.
16:01 of 2nd period - Deflect By Peter Worrell.
16:01 of 2nd period - Stopped by Tyler Weiman with a rebound.
16:44 of 2nd period - Ted Purcell is hit by Fabian Brunnstrom.
17:08 of 2nd period - Snap shot by Niklas Sundstrom.
17:08 of 2nd period - Stopped by Carey Price with a rebound.
17:42 of 2nd period - Wrist shot by Markus Naslund.
17:42 of 2nd period - Stopped by Carey Price with a rebound.
17:44 of 2nd period - Snap shot by Antoine Vermette.
17:44 of 2nd period - Shot Misses the Net.
17:46 of 2nd period - Slapshot by David Hale.
17:46 of 2nd period - Stopped by Carey Price with a rebound.
17:48 of 2nd period - Slapshot by David Hale.
17:48 of 2nd period - Stopped by Carey Price without a rebound.
17:49 of 2nd period - Antoine Vermette wins face-off versus Matt Stajan in Canucks zone.
18:01 of 2nd period - Slapshot by Alex Pietrangelo.
18:01 of 2nd period - Shot Blocked by Matt Stajan.
18:24 of 2nd period - Wrist shot by Jaromir Jagr.
18:24 of 2nd period - Shot Blocked by Ted Purcell.
18:54 of 2nd period - Snap shot by Jaromir Jagr.
18:54 of 2nd period - Shot Misses the Net.
19:02 of 2nd period - Snap shot by Jaromir Jagr.
19:02 of 2nd period - Stopped by Tyler Weiman without a rebound.
19:03 of 2nd period - Maxim Lapierre wins face-off versus David Legwand in Sharks zone.
19:26 of 2nd period - Minor Penalty to Steve Montador for Roughing.
19:27 of 2nd period - Dany Heatley wins face-off versus Jaromir Jagr in Canucks zone.
19:28 of 2nd period - Wrist shot by Daniel Alfredsson.
19:28 of 2nd period - Shot Blocked by Karl Alzner.
19:30 of 2nd period - Wrist shot by David Legwand.
19:30 of 2nd period - Shot Misses the Net.
Goals for this period are 2 for Sharks vs 0 for Canucks.
Shots for this period are 7 for Sharks vs 9 for Canucks.
3rd period
0:01 of 3rd period - David Legwand wins face-off versus Jaromir Jagr in neutral zone.
0:06 of 3rd period - Wrist shot by David Legwand.
0:06 of 3rd period - Stopped by Carey Price with a rebound.
0:17 of 3rd period - Off-side.
0:18 of 3rd period - Jaromir Jagr wins face-off versus Markus Naslund in neutral zone.
0:41 of 3rd period - Wrist shot by Peter Worrell.
0:41 of 3rd period - Goal by Peter Worrell - Sharks : 2 - Canucks : 5.
0:42 of 3rd period - David Legwand wins face-off versus Jaromir Jagr in neutral zone.
0:49 of 3rd period - Wrist shot by Dany Heatley.
0:49 of 3rd period - Shot Blocked by Matt Stajan.
0:51 of 3rd period - Slapshot by Alex Pietrangelo.
0:51 of 3rd period - Stopped by Carey Price without a rebound.
0:52 of 3rd period - Jaromir Jagr wins face-off versus David Legwand in Canucks zone.
0:52 of 3rd period - Jaromir Jagr is hit by Johnny Boychuk.
0:53 of 3rd period - Jaromir Jagr from Canucks is injured at 0:53 of 3rd period (Right Foot).
0:54 of 3rd period - Maxim Lapierre wins face-off versus David Legwand in Canucks zone.
1:03 of 3rd period - Karl Alzner is hit by David Legwand and loses puck.
1:10 of 3rd period - Snap shot by David Legwand.
1:10 of 3rd period - Stopped by Carey Price with a rebound.
1:26 of 3rd period - Penalty to Steve Montador is over, Steve Montador is back on ice.
1:30 of 3rd period - Slapshot by Alex Pietrangelo.
1:30 of 3rd period - Shot Misses the Net.
1:34 of 3rd period - Slapshot by Adam Mair.
1:34 of 3rd period - Stopped by Carey Price without a rebound.
1:35 of 3rd period - Adam Mair wins face-off versus Maxim Lapierre in Canucks zone.
1:40 of 3rd period - Wrist shot by Adam Mair.
1:40 of 3rd period - Shot Hit the Post.
1:42 of 3rd period - Snap shot by Niklas Sundstrom.
1:42 of 3rd period - Goal by Niklas Sundstrom - Sharks : 3 - Canucks : 5.
1:43 of 3rd period - David Legwand wins face-off versus Maxim Lapierre in neutral zone.
1:46 of 3rd period - Slapshot by Alex Pietrangelo.
1:46 of 3rd period - Shot Blocked by Steve Montador.
1:48 of 3rd period - Minor Penalty to Steve Montador for Tripping.
1:49 of 3rd period - Maxim Lapierre wins face-off versus David Legwand in Canucks zone.
3:48 of 3rd period - Penalty to Steve Montador is over, Steve Montador is back on ice.
3:54 of 3rd period - Snap shot by Adam Mair.
3:54 of 3rd period - Shot Blocked by Kim Johnsson.
3:56 of 3rd period - Backhand shot by Curtis Glencross.
3:56 of 3rd period - Shot Blocked by Alex Tanguay.
3:58 of 3rd period - Slapshot by Francis Bouillon.
3:58 of 3rd period - Deflect By Kim Johnsson.
3:58 of 3rd period - Stopped by Carey Price with a rebound.
4:00 of 3rd period - Slapshot by Niklas Sundstrom.
4:00 of 3rd period - Shot Misses the Net.
4:02 of 3rd period - Snap shot by Francis Bouillon.
4:02 of 3rd period - Shot Blocked by Kim Johnsson.
4:04 of 3rd period - Snap shot by Curtis Glencross.
4:04 of 3rd period - Shot Misses the Net.
4:30 of 3rd period - Slapshot by Fabian Brunnstrom.
4:30 of 3rd period - Stopped by Tyler Weiman without a rebound.
4:31 of 3rd period - Joe Sakic wins face-off versus Antoine Vermette in Sharks zone.
4:35 of 3rd period - Minor Penalty to Brandon Yip for Interference.
4:36 of 3rd period - Matt Stajan wins face-off versus Dany Heatley in Sharks zone.
4:38 of 3rd period - Snap shot by Matt Stajan.
4:38 of 3rd period - Shot Blocked by Johnny Boychuk.
4:48 of 3rd period - Lasse Kukkonen is hit by Steve Montador and loses puck.
6:28 of 3rd period - Snap shot by Fabian Brunnstrom.
6:28 of 3rd period - Goal by Fabian Brunnstrom - Sharks : 3 - Canucks : 6.
6:29 of 3rd period - Antoine Vermette wins face-off versus Maxim Lapierre in neutral zone.
6:29 of 3rd period - Antoine Vermette is hit by David Jones.
7:03 of 3rd period - Snap shot by Daniel Alfredsson.
7:03 of 3rd period - Stopped by Carey Price without a rebound.
7:04 of 3rd period - David Legwand wins face-off versus Maxim Lapierre in Canucks zone.
7:09 of 3rd period - Slapshot by Alex Pietrangelo.
7:09 of 3rd period - Shot Blocked by Sami Lepisto.
7:11 of 3rd period - Slapshot by Johnny Boychuk.
7:11 of 3rd period - Deflect By David Legwand.
7:11 of 3rd period - Shot Blocked by Sami Lepisto.
7:11 of 3rd period - Puck is out of play.
7:12 of 3rd period - David Legwand wins face-off versus Maxim Lapierre in Canucks zone.
7:19 of 3rd period - Slapshot by David Legwand.
7:19 of 3rd period - Shot Misses the Net.
7:21 of 3rd period - Wrist shot by Dany Heatley.
7:21 of 3rd period - Stopped by Carey Price with a rebound.
7:23 of 3rd period - Snap shot by Alex Pietrangelo.
7:23 of 3rd period - Shot Blocked by Sami Lepisto.
7:25 of 3rd period - Snap shot by David Legwand.
7:25 of 3rd period - Deflect By Maxim Lapierre.
7:25 of 3rd period - Shot Blocked by David Jones.
7:25 of 3rd period - Puck is out of play.
7:26 of 3rd period - Matt Stajan wins face-off versus David Legwand in Canucks zone.
7:26 of 3rd period - Matt Stajan is hit by Daniel Alfredsson.
7:38 of 3rd period - Wrist shot by Daniel Alfredsson.
7:38 of 3rd period - Shot Misses the Net.
7:40 of 3rd period - Slapshot by Alex Pietrangelo.
7:40 of 3rd period - Stopped by Carey Price without a rebound.
7:41 of 3rd period - Antoine Vermette wins face-off versus Maxim Lapierre in Canucks zone.
8:08 of 3rd period - David Legwand is hit by Steve Montador and loses puck.
9:13 of 3rd period - Snap shot by Matt Stajan.
9:13 of 3rd period - Stopped by Tyler Weiman with a rebound.
10:20 of 3rd period - Markus Naslund is hit by Alex Tanguay and loses puck.
11:14 of 3rd period - Minor Penalty to Maxim Lapierre for Hooking.
11:15 of 3rd period - Joe Sakic wins face-off versus David Legwand in Canucks zone.
11:35 of 3rd period - Joe Sakic is hit by Dany Heatley and loses puck.
11:58 of 3rd period - Ryan Craig is hit by Ted Purcell and loses puck.
12:55 of 3rd period - Alex Tanguay is hit by Ted Purcell and loses puck.
13:14 of 3rd period - Penalty to Maxim Lapierre is over, Maxim Lapierre is back on ice.
15:31 of 3rd period - Johnny Boychuk is hit by Sami Lepisto and loses puck.
15:42 of 3rd period - Snap shot by Alex Tanguay.
15:42 of 3rd period - Stopped by Tyler Weiman with a rebound.
15:56 of 3rd period - Snap shot by Alex Pietrangelo.
15:56 of 3rd period - Stopped by Carey Price with a rebound.
16:37 of 3rd period - Off-side.
16:38 of 3rd period - Antoine Vermette wins face-off versus Matt Stajan in neutral zone.
16:43 of 3rd period - Slapshot by Brandon Yip.
16:43 of 3rd period - Deflect By Alex Tanguay.
16:43 of 3rd period - Stopped by Carey Price with a rebound.
17:05 of 3rd period - Wrist shot by Kyle Wellwood.
17:05 of 3rd period - Shot Misses the Net.
17:13 of 3rd period - Slapshot by Kyle Wellwood.
17:13 of 3rd period - Stopped by Carey Price with a rebound.
17:15 of 3rd period - Wrist shot by Kyle Wellwood.
17:15 of 3rd period - Goal by Kyle Wellwood - Sharks : 4 - Canucks : 6.
17:16 of 3rd period - Kyle Wellwood wins face-off versus Joe Sakic in neutral zone.
17:25 of 3rd period - Icing by Joe Sakic.
17:26 of 3rd period - Joe Sakic wins face-off versus Kyle Wellwood in Canucks zone.
17:26 of 3rd period - Fabian Brunnstrom is hit by Alex Pietrangelo and loses puck.
17:31 of 3rd period - Snap shot by Kyle Wellwood.
17:31 of 3rd period - Stopped by Carey Price with a rebound.
17:35 of 3rd period - Snap shot by Kyle Wellwood.
17:35 of 3rd period - Stopped by Carey Price with a rebound.
17:37 of 3rd period - Wrist shot by Johnny Boychuk.
17:37 of 3rd period - Stopped by Carey Price without a rebound.
17:38 of 3rd period - Kyle Wellwood wins face-off versus Joe Sakic in Canucks zone.
18:26 of 3rd period - Slapshot by Clarke MacArthur.
18:26 of 3rd period - Stopped by Tyler Weiman with a rebound.
18:32 of 3rd period - Snap shot by Maxim Lapierre.
18:32 of 3rd period - Shot Misses the Net.
19:32 of 3rd period - Brandon Yip is hit by David Jones and loses puck.
Goals for this period are 2 for Sharks vs 2 for Canucks.
Shots for this period are 16 for Sharks vs 6 for Canucks.
Output by the SimonT Hockey Simulator (STHS) for François Prévost -- Original Page W3C XHTML 1.0 Valid